 Dungeon Crawl Stone Soup version 0.19.1 (webtiles) character file.

2057 XO4YCPATb the Slicer (level 9, -9/82 HPs)
             Began as a Kobold Berserker on Nov 30, 2016.
             Was an Elder of Trog.
             Mangled by a slime creature (16 damage)
             ... on level 7 of the Dungeon.
             The game lasted 00:12:22 (7227 turns).

XO4YCPATb the Slicer (Kobold Berserker)             Turns: 7227, Time: 00:12:23

Health: -9/82      AC:  6    Str: 21 (22) XL:     9   Next: 49%
Magic:  10/10      EV: 16    Int:  4 (6)  God:    Trog [****..]
Gold:   286        SH:  0    Dex: 12 (15) Spells: 0 memorised, 8 levels left

rFire  . . .     SeeInvis .     a - +0 short sword
rCold  . . .     Gourm    .     o - +0 ring mail
rNeg   . . .     Faith    .     (shield restricted)
rPois  .         Spirit   .     (no helmet)
rElec  .         Reflect  .     (no cloak)
rCorr  .         Harm     .     j - +0 pair of gloves
MR     ++...                    (no boots)
Stlth  ..........               (no amulet)
                                (no ring)
                                s - ring of stealth

@: berserking (expiring), regenerating, very quick
A: blurry vision 2, carnivore 3, dopey 1
a: Berserk, Trog's Hand, Brothers in Arms, Burn Spellbooks, Renounce Religion


You were on level 7 of the Dungeon.
You worshipped Trog.
Trog was greatly pleased with you.
You were very full.

You visited 1 branch of the dungeon, and saw 7 of its levels.

You collected 286 gold pieces.

Inventory:

Hand Weapons
 a - a +0 short sword (weapon)
 g - a -2 long sword
Missiles
 w - 13 tomahawks (quivered)
 z - a throwing net
Armour
 j - a +0 pair of gloves (worn)
 o - a +0 ring mail (worn)
Jewellery
 s - a ring of stealth (left hand)
 u - an uncursed ring of fire
Wands
 n - a wand of iceblast (3/15)
 A - a wand of random effects (30/48)
Scrolls
 b - a scroll of immolation
 d - 6 scrolls of remove curse
 f - a scroll of identify
 l - 3 scrolls of teleportation
 p - a scroll of enchant armour
 q - a scroll of noise
 v - 2 scrolls of recharging
 y - a scroll of fear
Potions
 e - 2 potions of haste
 i - a potion of magic
 k - 3 potions of agility
 r - a potion of ambrosia
 x - a potion of curing
Books
 h - a book of Callings

   Spells                             Type                      Level
   a - Summon Small Mammal            Summoning                    1
   b - Call Imp                       Summoning                    2
   c - Call Canine Familiar           Summoning                    3
   d - Summon Guardian Golem          Hexes/Summoning              3
   e - Summon Lightning Spire         Summoning/Air                4
   f - Summon Ice Beast               Ice/Summoning                4
   Trog disapproves of the use of such an item.
Comestibles
 c - a meat ration
 m - 3 chunks of flesh


   Skills:
 + Level 5.9 Fighting
 + Level 11.5 Short Blades
 + Level 1.9 Throwing
 - Level 1.5 Armour
 + Level 5.6 Dodging
 + Level 6.7 Stealth
 + Level 1.7 Evocations


You had 8 spell levels left.
You didn't know any spells.

Dungeon Overview and Level Annotations

Branches:
Dungeon (7/15)
 Temple: D:4-7

Altars:
Fedhas
Qazlal
Vehumet
Yredelemnul


Innate Abilities, Weirdness & Mutations

You are small and have problems with some larger weapons.
You are carnivorous and can eat meat at any time.
Scrolls take you longer to read.
You are dopey. (Int -2)


Message History

You puncture the howler monkey!
You kill the howler monkey!
Trog accepts your kill. The orc warrior completely misses you.
The slime creature hits you!
You see here a howler monkey corpse.
You puncture the slime creature!
The slime creature is moderately wounded.
You puncture the slime creature!
The slime creature is heavily wounded.
The orc warrior hits you with a mace!!
* * * LOW HITPOINT WARNING * * *
Unknown command.
You are too injured to fight recklessly!
You are too injured to fight recklessly!
You puncture the slime creature!
The slime creature is heavily wounded.
You puncture the slime creature!
The slime creature is severely wounded.
The slime creature hits you!
You die...

#.....(##.# #!###J.##.#
#.........###
!..#...#..#.##
##.#.........##########
.#....#.>............
........Z..<..oo##
.###........###J# #
..........# #@#
.#....####.# #.# #....
... ... #...# ###.####
.... #.# # #


You could see a slime creature, an orc warrior and an orc wizard.

Vanquished Creatures
  The ghost of Philogelos the Basher, a novice MiBe of Trog (D:5)
  Menkaure (D:4)
  An ice beast (D:6)
  2 orc warriors (D:6)
  2 phantoms
  2 ogres
  A centaur (D:6)
  A crocodile (D:6)
  2 bullfrogs (D:6)
  A scorpion (D:6)
  A howler monkey (D:7)
  A crimson imp (D:6)
  A jelly (D:6)
  An orc priest (D:4)
  5 orc wizards
  Terence (D:2)
  An iguana (D:4)
  3 worker ants
  6 gnolls (D:4)
  7 adders
  3 oozes
  An adder skeleton (D:4)
  5 worms
  3 dart slugs
  6 leopard geckos
  26 orcs
  5 giant cockroaches
  6 goblins
  8 hobgoblins
  4 jackals (D:3)
  3 quokkas
  5 bats
  7 frilled lizards
  10 kobolds
  A quokka skeleton (D:4)
  7 rats
141 creatures vanquished.

Notes
Turn   | Place    | Note
-------+----------+-------------------------------------------
     0 | D:1      | XO4YCPATb the Kobold Berserker began the quest for the Orb.
     0 | D:1      | Reached XP level 1. HP: 14/14 MP: 1/1
   291 | D:1      | Reached skill level 1 in Stealth
   317 | D:1      | Reached XP level 2. HP: 14/19 MP: 2/2
   587 | D:1      | Reached skill level 5 in Short Blades
   587 | D:1      | Reached XP level 3. HP: 22/23 MP: 3/3
  1527 | D:2      | Reached ** piety under Trog
  1661 | D:2      | Reached XP level 4. HP: 23/28 MP: 4/4
  1685 | D:2      | Noticed Terence
  1699 | D:2      | Killed Terence
  1932 | D:3      | Reached skill level 6 in Short Blades
  2045 | D:3      | Found a basalt altar of Yredelemnul.
  2116 | D:3      | Found a radiant altar of Vehumet.
  2160 | D:3      | Reached XP level 5. HP: 20/32 MP: 5/5
  3068 | D:4      | Reached skill level 7 in Short Blades
  3074 | D:4      | Reached *** piety under Trog
  3074 | D:4      | Reached XP level 6. HP: 37/37 MP: 6/6
  3319 | D:4      | Reached skill level 8 in Short Blades
  3663 | D:4      | Noticed Menkaure
  3673 | D:4      | Killed Menkaure
  3673 | D:4      | Reached skill level 9 in Short Blades
  3673 | D:4      | Reached XP level 7. HP: 28/41 MP: 7/7
  3738 | D:4      | Reached skill level 10 in Short Blades
  4570 | D:4      | Reached XP level 8. HP: 48/48 MP: 8/8
  4789 | D:5      | Entered Level 5 of the Dungeon
  4800 | D:5      | Found a stormy altar of Qazlal.
  5193 | D:5      | Noticed Philogelos's ghost (novice MiBe)
  5253 | D:5      | Killed Philogelos's ghost
  5475 | D:5      | Reached skill level 5 in Stealth
  5646 | D:6      | Reached skill level 11 in Short Blades
  5687 | D:6      | Found a blossoming altar of Fedhas.
  5730 | D:6      | Reached skill level 5 in Fighting
  5730 | D:6      | Reached XP level 9. HP: 53/54 MP: 9/9
  6230 | D:6      | Reached **** piety under Trog
  6230 | D:6      | Reached skill level 5 in Dodging
  6388 | D:6      | Gained mutation: Scrolls take you a little longer to read. [potion of mutation]
  6388 | D:6      | Gained mutation: Scrolls take you longer to read. [potion of mutation]
  6388 | D:6      | Gained mutation: You are dopey. (Int -2) [potion of mutation]
  6819 | D:6      | Reached skill level 1 in Throwing
  6819 | D:6      | Reached skill level 1 in Evocations
  6858 | D:7      | Noticed a slime creature
  7227 | D:7      | Mangled by a slime creature

Skill      XL: |  1  2  3  4  5  6  7  8  9 |
---------------+----------------------------+-----
Stealth        | 1 2 3 5 6 |  6.7
Short Blades   | 5 6 7 9 10 11 | 11.5
Dodging        | 4 5 |  5.6
Fighting       | 5 |  5.9
Throwing       | 1 |  1.9
Evocations     | 1 |  1.7
Armour         | |  1.5

Action                   |  1- 3 |  4- 6 |  7- 9 || total
-------------------------+-------+-------+-------++-------
Melee: Short sword       |   128 |   267 |   313 ||   708
Invok: Berserk           |       |     7 |     7 ||    14
       Trog's Hand       |       |     3 |     1 ||     4
  Use: Scroll            |       |       |    13 ||    13
       Potion            |       |       |     5 ||     5
 Stab: Sleeping          |     1 |     7 |    14 ||    22
       Distracted        |       |     1 |       ||     1
  Eat: Chunk             |    11 |    13 |    18 ||    42
Armor: Animal skin       |    12 |       |       ||    12
       Ring mail         |     7 |    71 |    34 ||   112
Dodge: Dodged            |    68 |   203 |   120 ||   391
